 Dungeon Crawl Stone Soup version 0.29.1-1-gd02db6906a (console) character file.

Game seed: 1253307518702077928

492 om the Sneak (level 6, -7/32 HPs)
             Began as a Vampire Enchanter on Oct 21, 2022.
             Blown up by Ijyb (17 damage)
             ... with a mindburst bolt
             ... on level 5 of the Dungeon.
             The game lasted 00:08:02 (3087 turns).

om the Sneak (Vampire Enchanter)                    Turns: 3087, Time: 00:08:03

Health: -7/32      AC:  3    Str:  7    XL:     6   Next: 91%
Magic:  2/10       EV: 13    Int: 17    God:
Gold:   247        SH:  0    Dex: 17    Spells: 9/11 levels left

rFire   . . .      SeeInvis +   d - +2 dagger (venom)
rCold   + + .      Faith    .   (no shield)
rNeg    + + +      Spirit   .   b - +0 robe
rPois   ∞          Reflect  .   e - +0 helmet
rElec   .          Harm     .   (no cloak)
rCorr   .          Rampage  .   (no gloves)
Will    .....                   (no boots)
Stlth   +++++.....              (no amulet)
HPRegen 0.00/turn               k - ring of flight
MPRegen 0.12/turn               (no ring)

@: flying, bloodless, inhibited regen
A: bloodless, fangs 3, see invisible, vampiric 2
a: Bat Form, Revivify


You were on level 5 of the Dungeon.
You visited 1 branch of the dungeon, and saw 5 of its levels.

You collected 247 gold pieces.

Inventory:

Hand Weapons
 a - a +1 dagger
 d - a +2 dagger of venom (weapon)
Armour
 b - a +0 robe (worn)
 e - a +0 helmet (worn)
Jewellery
 k - a ring of flight (left hand)
Scrolls
 i - 2 scrolls of teleportation
 l - a scroll of vulnerability {unknown}
 m - a scroll of magic mapping {unknown}
 n - a scroll of amnesia {unknown}
 q - a scroll of immolation {unknown}
Potions
 c - 2 potions of invisibility
 f - a potion of berserk rage
 g - a potion of might {unknown}
 h - a potion of heal wounds
 j - a potion of degeneration {unknown}
 o - a potion of flight {unknown}
 p - a potion of mutation {unknown}


   Skills:
 * Level 5.8 Short Blades
 * Level 3.8 Dodging
 * Level 6.0 Stealth
 - Level 3.0 Spellcasting
 - Level 5.0 Hexes


You had 9 spell levels left.
You knew the following spells:

 Your Spells              Type           Power      Damage    Failure   Level
a - Ensorcelled Hibernat  Hex/Ice        22%        N/A       10%         2

Your spell library contained the following spells:

 Spells                   Type           Power      Damage    Failure   Level
 Confusing Touch          Hex            19%        N/A       7%          3
 Tukima's Dance           Hex            19%        N/A       7%          3
 Summon Small Mammal      Summ           8%         N/A       17%         1
 Dazzling Flash           Conj/Hex       22%        N/A       19%         3
 Summon Guardian Golem    Hex/Summ       11%        N/A       19%         3
 Call Canine Familiar     Summ           2%         N/A       45%         3


Dungeon Overview and Level Annotations

Branches:
Dungeon (4/15)
 Temple: D:4-7

Altars:
Ashenzari
Vehumet

Annotations:
D:4 Edmund, Robin
D:5 Grinder, Ijyb


Innate Abilities, Weirdness & Mutations

You do not regenerate when monsters are visible.
You are frail without blood (-20% HP).
You can heal yourself when you bite living creatures.
You are immune to poison.
You have razor-sharp teeth.
You have supernaturally acute eyesight. (SInv)
You are afflicted with vampirism and can become a bat while bloodless.


Message History

Press: ? - help, Q - select action Shift-Dir - straight line, f - Ijyb
Aim: Ijyb, wielding a +0 club, wearing a +0 ring mail and carrying a wand of mindburst (7) (chance to affect: 53%) Ijyb resists with significant effort.
Ijyb zaps a wand.
Your mind is blasted!
Aiming: Ensorcelled Hibernation (safe; 10% risk of failure)
Press: ? - help, Q - select action Shift-Dir - straight line, f/p - Ijyb
Aim: Ijyb, wielding a +0 club, wearing a +0 ring mail and carrying a wand of mindburst (6) (chance to affect: 53%) Ijyb resists with significant effort.
Ijyb barely misses you.
Aiming: Ensorcelled Hibernation (safe; 10% risk of failure)
Press: ? - help, Q - select action Shift-Dir - straight line, f/p - Ijyb
Aim: Ijyb, wielding a +0 club, wearing a +0 ring mail and carrying a wand of mindburst (6) (chance to affect: 53%) Ijyb resists with significant effort.
Ijyb zaps a wand.
Your mind is blasted!
* * * LOW HITPOINT WARNING * * *
Grinder blinks!
Aiming: Ensorcelled Hibernation (safe; 10% risk of failure)
Press: ? - help, Q - select action Shift-Dir - straight line, f/p - Ijyb
Aim: Ijyb, wielding a +0 club, wearing a +0 ring mail and carrying a wand of mindburst (5) (chance to affect: 53%)
You miscast Ensorcelled Hibernation.
You are very lightly contaminated with residual magic.
Nothing appears to happen.
Ijyb zaps a wand.
You struggle to resist.
Grinder blinks!
Aiming: Ensorcelled Hibernation (safe; 10% risk of failure)
Press: ? - help, Q - select action Shift-Dir - straight line, f/p - Ijyb
Aim: Ijyb, wielding a +0 club, wearing a +0 ring mail and carrying a wand of mindburst (4) (chance to affect: 53%) Ijyb resists with significant effort.
Ijyb hits you with a +0 club.
* * * LOW HITPOINT WARNING * * *
You feel much better. Ijyb hits you with a +0 club.
You don't have enough magic at the moment.
Ijyb attacks as you move away! Ijyb hits you with a +0 club.
Ijyb zaps a wand.
Your mind is blasted!
Grinder blinks!
Your magical contamination has completely faded away.
Grinder says, "You look like you could use a good racking."
Ijyb attacks as you move away! Ijyb hits you but does no damage.
Ijyb attacks as you move away! Ijyb hits you with a +0 club.
Ijyb zaps a wand.
Your mind is blasted!
Ouch! That really hurt!
You die...

#.#.####..# #.........#
#...#####.# #.5.........
#.#####..##########
#.##.....#...[....#
#.##.#..g..######.#
#.##.....### #.# #.###.#.@#
#.# #.###.#..# #.#
##..#.....# #.# #..#...#..###
#.####### ####.###.#.....#
#.#...<.. #...## ##......#
#.#..##.#
#.##.###.##.#..######.#..#.##
#.##..#.###.#..........##....
#.##.#.####.#.#######.#.#.##.


You could see Grinder and Ijyb.

Vanquished Creatures
  Sigmund (D:2)
  A black bear (D:5)
  A hound (D:2)
  A jelly (D:5)
  Jessica (D:3)
  2 orc wizards (D:5)
  4 adders
  2 worms
  4 dart slugs
  5 orcs
  A bat (D:2)
  7 endoplasms
  2 giant cockroaches (D:1)
  5 hobgoblins
  3 quokkas
  6 ball pythons
  2 frilled lizards
  6 goblins
  7 kobolds
  4 rats
65 creatures vanquished.

Notes
Turn   | Place    | Note
-------+----------+-------------------------------------------
     0 | D:1      | om the Vampire Enchanter began the quest for the Orb.
     0 | D:1      | Reached XP level 1. HP: 13/13 MP: 3/3
   291 | D:1      | Reached XP level 2. HP: 19/19 MP: 5/5
   302 | D:1      | Learned a level 2 spell: Ensorcelled Hibernation
  1240 | D:2      | Gained mutation: You are afflicted with vampirism and can
                  | become a bat while bloodless. [Vampire growth]
  1240 | D:2      | Reached XP level 3. HP: 24/24 MP: 6/6
  1262 | D:2      | Reached skill level 5 in Stealth
  1359 | D:2      | Reached skill level 5 in Hexes
  1452 | D:2      | Reached XP level 4. HP: 22/24 MP: 7/7
  1769 | D:2      | Noticed Sigmund
  1775 | D:2      | Killed Sigmund
  1776 | D:2      | Reached XP level 5. HP: 26/28 MP: 5/9
  1968 | D:3      | Reached skill level 5 in Short Blades
  2009 | D:3      | Noticed Jessica
  2031 | D:3      | Killed Jessica
  2032 | D:3      | Reached XP level 6. HP: 26/32 MP: 0/10
  2314 | D:3      | Found a faded altar of an unknown god.
  2350 | D:3      | You are sucked into a shaft and drop 1 floor!
  2351 | D:4      | Found a broken altar of Ashenzari.
  2358 | D:4      | Noticed Robin
  2370 | D:4      | Noticed Edmund
  2417 | D:4      | You are sucked into a shaft and drop 1 floor!
  2417 | D:5      | Entered Level 5 of the Dungeon
  2655 | D:5      | Found a radiant altar of Vehumet.
  2911 | D:5      | Reached skill level 6 in Stealth
  3061 | D:5      | Noticed an ice beast
  3063 | D:5      | Noticed Grinder
  3064 | D:5      | Noticed Ijyb
  3087 | D:5      | Blown up by Ijyb

Illustrated notes

Levels and vault maps discovered:
D:1:      noname_arrival_rooms_in_the_neighbourhood, layout_basic, hex_large
D:2:      layout_basic, minmay_randomly_rotated_circles, uniq_sigmund
D:3:      layout_basic, dreamdust_ecumenical_altar_angels_and_demons,
          uniq_jessica
D:4:      layout_cave_pools, ashenzari_altar_1, kennysheep_cluttered_room,
          nicolae_wormholes, uniq_edmund, uniq_duvessa, uniq_robin
D:5:      layout_loops_ring, old_standard_altar, gammafunk_ghost_arena,
          minmay_fountain_box, nicolae_eternal_life, uniq_grinder, uniq_ijyb

Skill      XL: |  1  2  3  4  5  6 |
---------------+-------------------+-----
Short Blades   | 2 4 5 |  5.8
Stealth        | 5 6 |  6.0
Hexes          | 5 |  5.0
Dodging        | 3 |  3.8
Spellcasting   | 3 |  3.0

Action                   |  1- 3 |  4- 6 || total
-------------------------+-------+-------++-------
Melee: Dagger            |    66 |    87 ||   153
       Bite              |     9 |     8 ||    17
 Cast: Ensorcelled Hiber |       |    18 ||    18
 Abil: Exsanguinate      |     1 |       ||     1
  Use: Scroll            |       |     4 ||     4
       Potion            |       |     1 ||     1
 Stab: Sleeping          |     8 |    25 ||    33
       Distracted        |       |     1 ||     1
Armor: Robe              |    13 |    10 ||    23
Dodge: Dodged            |    32 |    63 ||    95
